 Dungeon Crawl Stone Soup version 0.21.0-3-g78d12a8 (webtiles) character file.

71 Musashi the Stinger (level 4, -4/36 HPs)
             Began as a Naga Venom Mage on Jan 16, 2018.
             Slain by feelmyfire's ghost (8 damage)
             ... on level 3 of the Dungeon.
             The game lasted 00:17:26 (2994 turns).

Musashi the Stinger (Naga Venom Mage)               Turns: 2994, Time: 00:17:27

Health: -4/36      AC:  2    Str: 11    XL:     4   Next: 24%
Magic:  7/7        EV: 10    Int: 15    God:
Gold:   105        SH:  0    Dex: 12    Spells: 4/7 levels left

rFire    . . .     SeeInvis +   a - +0 hand axe
rCold    . . .     Gourm    .   (no shield)
rNeg     . . .     Faith    .   e - +0 robe
rPois    +         Spirit   .   (no helmet)
rElec    .         Reflect  .   (no cloak)
rCorr    .         Harm     .   (no gloves)
MR       .....                  (no barding)
Stlth    ++........             (no amulet)
HPRegen  0.12/turn              (no ring)
MPRegen  0.10/turn              (no ring)

@: very slow
A: large, see invisible, deformed body, poison resistance, slowness 2, slow
metabolism 1, spit poison 1, AC +1
a: Spit Poison


You were on level 3 of the Dungeon.
You were hungry.

You visited 1 branch of the dungeon, and saw 3 of its levels.

You collected 105 gold pieces.

Inventory:

Hand Weapons
 a - a +0 hand axe (weapon)
 b - a +0 hunting sling
 k - a +0 spear
Missiles
 h - 2 tomahawks (quivered)
 i - 11 bolts
 j - 22 arrows
 o - 56 stones
 r - 22 sling bullets
Armour
 e - a +0 robe (worn)
 s - a +0 ring mail
 u - a cursed -1 chain mail
Jewellery
 x - a cursed -2 ring of evasion {unknown}
Scrolls
 d - 2 scrolls of identify {unknown}
 f - a scroll of teleportation {unknown}
 m - a scroll of enchant armour {unknown}
 p - a scroll of amnesia {unknown}
 q - 3 scrolls of enchant weapon {unknown}
 t - a scroll of fog {unknown}
 y - a scroll of blinking {unknown}
 A - a scroll of remove curse {unknown}
Potions
 g - a potion of lignification {unknown}
 l - a potion of flight {unknown}
 n - 2 potions of resistance {unknown}
 w - a potion of brilliance {unknown}
 z - 3 potions of curing {unknown}
Books
 v - a Young Poisoner's Handbook

   Spells                             Type                      Level
   a - Sting                          Conjuration/Poison           1
   b - Poisonous Vapours              Poison/Air                   2
   c - Mephitic Cloud                 Conjuration/Poison/Air       3
   d - Olgreb's Toxic Radiance        Poison                       4
   e - Venom Bolt                     Conjuration/Poison           5
Comestibles
 c - 4 rations


   Skills:
 + Level 0.2 Fighting
 + Level 0.8 Axes
 + Level 0.1 Throwing
 + Level 2.1 Dodging
 + Level 3.3 Stealth
 + Level 2.1 Spellcasting
 + Level 1.1 Conjurations
 + Level 5.5 Poison Magic


You had 4 spell levels left.
You knew the following spells:

 Your Spells              Type           Power        Failure   Level  Hunger
a - Sting                 Conj/Pois      ##..         5%          1    #......
b - Poisonous Vapours     Pois/Air       #.....       11%         2    ###....


Dungeon Overview and Level Annotations

Branches:
Dungeon (3/15)

Altars:
Elyvilon
Fedhas
Makhleb
Qazlal
Vehumet
Xom

Annotations:
D:3 feelmyfire's ghost, amateur DgTm


Innate Abilities, Weirdness & Mutations

You cannot wear boots.
Your serpentine skin is tough. (AC +1)
You have supernaturally acute eyesight. (SInv)
Armour fits poorly on your strangely shaped body.
Your system is resistant to poisons. (rPois)
You cover ground very slowly.
You have a slow metabolism.
You can spit poison.


Message History

Feelmyfire's ghost hits you.
Feelmyfire's ghost whispers, "Death is liberation."
Feelmyfire's ghost hits you! x2
You hit feelmyfire's ghost.
Feelmyfire's ghost is lightly damaged.
Feelmyfire's ghost hits you.
* * * LOW HITPOINT WARNING * * *
You hit feelmyfire's ghost but do no damage.
Feelmyfire's ghost is lightly damaged.
You have got your breath back.
Feelmyfire's ghost says, "You will join me soon!"
Feelmyfire's ghost barely misses you. Feelmyfire's ghost hits you.
* * * LOW HITPOINT WARNING * * *
You hit feelmyfire's ghost but do no damage.
Feelmyfire's ghost is lightly damaged.
Feelmyfire's ghost misses you.
You hit feelmyfire's ghost.
Feelmyfire's ghost is lightly damaged.
Feelmyfire's ghost hits you!
You die...

.# #.#.#......#
#.###.#........## .#
.#....###.......# .#
#.###.# #.###...# ..#
.#.##.# #.# #...# ..##
#.###.###.###...##...+
.#..............+...#
#.#.............#...####
.#..#.#........W@.......
#.#...#......###....#.##
.#.#..#......# #........
#.#..>#......# #.#......
.#.####......# #.##.#.##
#.## ###+#### #.# .....
.#.# #.# ..## #.## ...
... #.


You could see feelmyfire's ghost.

Vanquished Creatures
  An adder (D:2)
  2 oozes
  2 worms (D:2)
  A dart slug (D:3)
  2 leopard geckos (D:2)
  A ball python (D:2)
  3 giant cockroaches (D:1)
  2 goblins (D:2)
  8 hobgoblins
  3 jackals (D:1)
  5 bats
  3 frilled lizards
  4 kobolds
  7 rats
44 creatures vanquished.

Notes
Turn   | Place    | Note
-------+----------+-------------------------------------------
     0 | D:1      | Musashi the Naga Venom Mage began the quest for the Orb.
     0 | D:1      | Reached XP level 1. HP: 15/15 MP: 3/3
   649 | D:1      | Reached XP level 2. HP: 22/22 MP: 5/5
  1113 | D:1      | Reached skill level 5 in Poison Magic
  1400 | D:1      | Reached XP level 3. HP: 28/28 MP: 6/6
  1562 | D:1      | Learned a level 2 spell: Poisonous Vapours
  2036 | D:2      | Found a blossoming altar of Fedhas.
  2475 | D:2      | Found a stormy altar of Qazlal.
  2536 | D:2      | Reached XP level 4. HP: 36/36 MP: 7/7
  2610 | D:2      | Found a shimmering altar of Xom.
  2659 | D:2      | Found a glowing golden altar of the Shining One.
  2659 | D:2      | Found an ornate altar of the Wu Jian Council.
  2661 | D:2      | Found a radiant altar of Vehumet.
  2661 | D:2      | Found an iron altar of Okawaru.
  2661 | D:2      | Found a sacrificial altar of Ru.
  2895 | D:3      | Found a radiant altar of Vehumet.
  2897 | D:3      | Found a white marble altar of Elyvilon.
  2905 | D:3      | Found a burning altar of Makhleb.
  2976 | D:3      | Noticed feelmyfire's ghost (amateur DgTm)
  2994 | D:3      | Slain by feelmyfire's ghost

Skill      XL: |  1  2  3 |
---------------+----------+-----
Poison Magic   | 5 |  5.5
Dodging        | 2 |  2.1
Fighting       | |  0.2
Axes           | |  0.8
Throwing       | |  0.1
Stealth        | |  3.3
Spellcasting   | |  2.1
Conjurations   | |  1.1

Action                   |  1- 3 |  4- 6 || total
-------------------------+-------+-------++-------
Melee: Hand axe          |    56 |    14 ||    70
       Unarmed           |     4 |       ||     4
Throw: Tomahawk          |     3 |       ||     3
 Cast: Sting             |     2 |       ||     2
 Abil: Spit Poison       |    31 |    10 ||    41
  Eat: Chunk             |     5 |     1 ||     6
Armor: Robe              |     9 |     1 ||    10
Dodge: Dodged            |    34 |     9 ||    43
